 Dungeon Crawl Stone Soup version 0.24-a0-341-g52ca42d3ec (webtiles) character file.

Game seed: 18374516228439800199

3895 Inarius the Spear-Bearer (level 10, -19/84 HPs)
             Began as a Centaur Fighter on May 20, 2019.
             Demolished by an orc knight
             ... wielding the +2 scimitar of Indignation {slice, +Inv rC+}
              (25 damage)
             ... in a bailey.
             The game lasted 00:11:38 (6319 turns).

Inarius the Spear-Bearer (Centaur Fighter)          Turns: 6319, Time: 00:11:39

Health: -19/84     AC: 16    Str: 22    XL:     10   Next: 0%
Magic:  12/12      EV:  3    Int:  7    God:
Gold:   336        SH:  0    Dex:  9    Spells: 9/9 levels left

rFire    . . .     SeeInvis .   a - +0 trident
rCold    . . .     Gourm    .   c - +0 shield
rNeg     . . .     Faith    .   n - +0 plate armour
rPois    +         Spirit   .   m - +2 helmet
rElec    .         Reflect  .   (no cloak)
rCorr    .         Harm     .   (no gloves)
MR       .....                  (no barding)
Stlth    ..........             (no amulet)
HPRegen  0.24/turn              i - ring of poison resistance
MPRegen  0.13/turn              q - +3 ring of protection

@: confused, very quick
A: large, hooves 3, deformed body, speed 2, tough skin 3
a: no special abilities


You were in a bailey.
You were not hungry.

You visited 2 branches of the dungeon, and saw 8 of its levels.
You also visited: Bailey.

You collected 336 gold pieces.

Inventory:

Hand Weapons
 a - a +0 trident (weapon)
Armour
 c - a +0 shield (worn)
 m - a +2 helmet (worn)
 n - a +0 plate armour (worn)
 o - the +0 chain mail "Muekh" {Str-2 Dex+7}
   (You found it on level 4 of the Dungeon)

   It affects your strength (-2).
   It affects your dexterity (+7).
 x - a +2 scale mail of fire resistance
Jewellery
 i - a ring of poison resistance (left hand)
 q - a +3 ring of protection (right hand)
Scrolls
 b - a scroll of acquirement {unknown}
 r - 2 scrolls of blinking {unknown}
 v - a scroll of amnesia
 w - 2 scrolls of remove curse
 z - 4 scrolls of enchant weapon
 B - 3 scrolls of summoning
Potions
 d - 2 potions of might
 e - 2 potions of lignification
 j - a potion of berserk rage {unknown}
 p - 4 potions of curing
 s - a potion of flight {unknown}
Comestibles
 f - 15 rations


   Skills:
 * Level 6.3 Fighting
 * Level 9.7 Polearms
 + Level 4.1 Armour
 + Level 1.1 Dodging
 + Level 4.6 Shields
   Level 2.9 Evocations


You had 9 spell levels left.
You didn't know any spells.
Your spell library contained the following spells:

 Spells                   Type           Power        Failure   Level  Hunger
 Magic Dart               Conj           #...         100%        1    ##.....
 Blink                    Tloc           N/A          100%        2    ###....
 Call Imp                 Summ           #.......     100%        2    ###....
 Slow                     Hex            #.......     100%        2    ###....
 Conjure Flame            Conj/Fire      #.......     100%        3    ####...
 Mephitic Cloud           Conj/Pois/Air  #.......     100%        3    ####...


Dungeon Overview and Level Annotations

Branches:
Dungeon (7/15)             Temple (1/1) D:5

Altars:
Fedhas
Gozag
Hepliaklqana
Nemelex Xobeh
Okawaru
Qazlal
Ru
Sif Muna
Trog
Uskayaw
Wu Jian
Yredelemnul
Zin
The Shining One


Innate Abilities, Weirdness & Mutations

You have hooves in place of feet.
Armour fits poorly on your strangely shaped body.
You cover ground very quickly.
You have extremely tough skin. (AC +3)


Message History

You are confused.
You feel invigorated.
A goblin comes into view. It is wielding a +0 hand axe.
The orc knight roars a battlecry!
The orcs go into a battle-frenzy!
The goblin hits you but does no damage.
You're too confused to move!
The goblin shouts!
The hobgoblin hits you but does no damage.
The orc knight hits you with the +2 scimitar of Indignation {slice, +Inv rC+}.
* * * LOW HITPOINT WARNING * * *
x2 The orc warrior hits you but does no damage.
The goblin hits you but does no damage.
Unknown command.
You miss the goblin. Your kick misses the goblin.
The hobgoblin hits you but does no damage.
The orc hits you with a +0 hand axe.
* * * LOW HITPOINT WARNING * * *
The orc knight hits you with the +2 scimitar of Indignation {slice, +Inv rC+}!!
You die...

## # ###.### ..##
###.....###
....###.........##
.g..#...........#
....'...........#
....#gog..⌠.....#
.. #o@o........#
#......o.)..#
##.........###
###.....#)#.###
###.###.)...###♣
###.........##
#..........[#
#....(....).'
#.....⌠...)['


You could see an orc warlord, an orc knight, an orc warrior, an orc, a hobgoblin
and 2 goblins.

Vanquished Creatures
  3 orc knights (Bailey)
  Grinder (D:5)
  Sigmund (D:3)
  Duvessa (D:5)
  6 orc warriors (Bailey)
  2 eyes of draining (D:4)
  2 ogres
  A phantom (D:6)
  A centaur (D:3)
  Dowan (D:5)
  A scorpion (D:5)
  A howler monkey (D:5)
  4 hounds
  A bullfrog skeleton (D:4)
  5 orc wizards
  An orc priest (D:6)
  4 iguanas
  11 worker ants
  Robin (D:2)
  3 gnolls (Bailey)
  6 adders
  3 shadow imps
  4 worms
  5 leopard geckos
  24 orcs
  13 bats
  9 giant cockroaches
  34 goblins
  21 hobgoblins
  3 quokkas
  3 ball pythons
  6 frilled lizards
  3 kobolds
  A leopard gecko zombie (D:5)
  5 rats
  A butterfly (D:5)
192 creatures vanquished.

Notes
Turn   | Place    | Note
-------+----------+-------------------------------------------
     0 | D:1      | Inarius the Centaur Fighter began the quest for the Orb.
     0 | D:1      | Reached XP level 1. HP: 19/19 MP: 1/1
   144 | D:1      | Reached skill level 2 in Polearms
   144 | D:1      | Reached XP level 2. HP: 22/26 MP: 2/2
   574 | D:2      | Noticed Robin
   595 | D:2      | Killed Robin
   595 | D:2      | Reached XP level 3. HP: 29/31 MP: 3/3
   999 | D:2      | Reached skill level 3 in Polearms
   999 | D:2      | Reached XP level 4. HP: 34/38 MP: 4/4
  1053 | D:2      | Found a sparkling altar of Nemelex Xobeh.
  1416 | D:3      | Reached XP level 5. HP: 45/45 MP: 5/5
  1493 | D:3      | Noticed Sigmund
  1503 | D:3      | Killed Sigmund
  1503 | D:3      | Reached skill level 4 in Polearms
  1503 | D:3      | Reached XP level 6. HP: 40/52 MP: 6/6
  2149 | D:4      | Reached skill level 5 in Polearms
  2168 | D:4      | Reached XP level 7. HP: 26/59 MP: 7/7
  2193 | D:4      | Got a slimy chain mail
  2210 | D:3      | Identified the cursed +0 chain mail "Muekh" {Str-2 Dex+7}
                  | (You found it on level 4 of the Dungeon)
  2682 | D:4      | Found a blossoming altar of Fedhas.
  3014 | D:4      | Found a bloodstained altar of Trog.
  3031 | D:4      | Reached skill level 6 in Polearms
  3256 | D:5      | Entered Level 5 of the Dungeon
  3256 | D:5      | Found a staircase to the Ecumenical Temple.
  3289 | D:5      | Noticed Grinder
  3301 | Temple   | Entered the Ecumenical Temple
  3426 | D:5      | Paralysed by Grinder for 3 turns
  3432 | D:5      | Paralysed by Grinder for 7 turns
  3439 | D:5      | Killed Grinder
  3439 | D:5      | Reached XP level 8. HP: 43/67 MP: 8/8
  3613 | D:5      | Noticed Duvessa
  3615 | D:5      | Noticed Dowan
  3639 | D:5      | Killed Duvessa
  3639 | D:5      | Reached skill level 5 in Fighting
  3639 | D:5      | Reached skill level 7 in Polearms
  3650 | D:5      | Killed Dowan
  3673 | D:5      | Found a runed translucent door.
  3682 | D:5      | Found a runed translucent door.
  4131 | D:5      | Reached skill level 1 in Evocations
  4572 | D:6      | Found a stormy altar of Qazlal.
  4685 | D:6      | Found a glowing golden altar of the Shining One.
  4902 | D:6      | Reached skill level 8 in Polearms
  4902 | D:6      | Reached skill level 1 in Dodging
  5075 | D:7      | Reached XP level 9. HP: 63/74 MP: 10/10
  5181 | D:7      | Found a flagged portal.
  5201 | Bailey   | Entered a bailey
  5575 | Bailey   | Noticed an orc knight
  5595 | Bailey   | Noticed an orc knight
  5611 | Bailey   | Killed an orc knight
  5625 | Bailey   | Killed an orc knight
  5625 | Bailey   | Reached skill level 9 in Polearms
  6083 | Bailey   | Noticed an orc knight
  6177 | Bailey   | Killed an orc knight
  6177 | Bailey   | Reached XP level 10. HP: 28/84 MP: 12/12
  6195 | Bailey   | Noticed an orc knight
  6288 | Bailey   | Identified the +2 scimitar of Indignation {slice, +Inv rC+}
  6288 | Bailey   | Noticed an orc knight
  6296 | Bailey   | Noticed an orc warlord
  6316 | Bailey   | HP: 3/84 [orc warrior/+0 hand axe (6)]
  6319 | Bailey   | Demolished by an orc knight

Levels and vault maps discovered:
D:1:      lemuel_arrival_hallway, layout_basic, minmay_misc_feat_square
D:2:      layout_basic, lemuel_doored_altar, minmay_circled_x, uniq_robin
D:3:      layout_basic, chequers_serial_rivers_micro_a, uniq_sigmund
D:4:      layout_basic, trog_eyes_of_draining, first_ration, minivault_4,
          fedhas_ov_isle_minmay
D:5:      lemuel_insect_pit, layout_basic, minmay_temple_entry_mist,
          uniq_grinder, uniq_duvessa
D:6:      layout_basic, lemuel_coloured_pillars_altar, grunt_decor_mini_mirrors,
          grunt_qazlal_clouds
D:7:      layout_rooms, enter_bailey_3
Temple:   cyrus_temple_forest
Bailey:   bailey_axe_minmay_hex_keep, bailey

Skill      XL: |  1  2  3  4  5  6  7  8  9 |
---------------+----------------------------+-----
Polearms       | 2 3 4 5 6 8 9 |  9.7
Fighting       | 4 5 6 |  6.3
Shields        | 3 4 |  4.6
Armour         | 3 4 |  4.1
Evocations     | 1 2 |  2.9
Dodging        | 1 |  1.1

Action                   |  1- 3 |  4- 6 |  7- 9 | 10-12 || total
-------------------------+-------+-------+-------+-------++-------
Melee: Trident           |   120 |   138 |   482 |     3 ||   743
       Kick              |    20 |    17 |   163 |     1 ||   201
Evoke: Wand              |       |       |     9 |       ||     9
  Use: Scroll            |     1 |       |    11 |     1 ||    13
       Potion            |       |     1 |     1 |     2 ||     4
  Eat: Chunk             |       |     3 |    10 |     2 ||    15
Armor: Scale mail        |    66 |    25 |       |       ||    91
       Plate armour      |       |    42 |     8 |     7 ||    57
       Chain mail        |       |       |   132 |       ||   132
Dodge: Dodged            |    31 |    12 |    43 |     1 ||    87
Block: Shield            |    64 |    45 |   135 |     2 ||   246

Table legend:
 A = Non-vault XP
 B = Vault XP
 C = Vault XP percentage of total XP
 D = Non-vault monster count
 E = Vault monster count
 F = Vault count percentage of total count
                 A         B        C        D         E       F
            +---------+---------+-------+---------+---------+-------
      Total |    1594 |    3971 |  71.4 |     107 |      84 |  44.0
            +---------+---------+-------+---------+---------+-------
        D:1 |      21 |       0 |   0.0 |      13 |       0 |   0.0
        D:2 |     133 |      36 |  21.3 |      20 |      11 |  35.5
        D:3 |     169 |     223 |  56.9 |      21 |       1 |   4.5
        D:4 |     540 |     258 |  32.3 |      23 |       4 |  14.8
        D:5 |     244 |     724 |  74.8 |      14 |      14 |  50.0
        D:6 |     440 |       0 |   0.0 |      13 |       0 |   0.0
        D:7 |      47 |       7 |  13.0 |       3 |       4 |  57.1
     Bailey |       0 |    2723 | 100.0 |       0 |      50 | 100.0
            +---------+---------+-------+---------+---------+-------
